 Dungeon Crawl Stone Soup version 0.20.0-8-g6b59dc7 (webtiles) character file.

5152 Jannitor the Nimble (level 10, -9/55 HPs)
             Began as a Spriggan Transmuter on May 30, 2017.
             Was an Initiate of Gozag.
             Mangled by a warg (17 damage)
             ... on level 10 of the Dungeon.
             The game lasted 00:51:28 (15182 turns).

Jannitor the Nimble (Spriggan Transmuter)          Turns: 15182, Time: 00:51:30

Health: -9/55      AC:  2    Str:  6    XL:     10   Next: 33%
Magic:  14/19      EV: 32    Int: 19    God:    Gozag
Gold:   679        SH:  0    Dex: 21    Spells: 3/20 levels left

rFire    . . .     SeeInvis +     - Unarmed
rCold    . . .     Gourm    .   (shield currently unavailable)
rNeg     . . .     Faith    .   (armour currently unavailable)
rPois    .         Spirit   .   (helmet currently unavailable)
rElec    .         Reflect  .   (cloak currently unavailable)
rCorr    .         Harm     .   (gloves unavailable)
MR       +....     Clarity  +   (boots unavailable)
Stlth    ++........             (no amulet)
Regen    0.2/turn               l - ring of poison resistance
MPRegen  0.2/turn               x - +2 ring of evasion

@: spider-form, very slightly contaminated
A: unfitting armour, see invisible, clarity, herbivore 3, slow metabolism 2
a: End Transformation, Potion Petition, Call Merchant, Bribe Branch, Renounce
Religion


You were on level 10 of the Dungeon.
You worshipped Gozag.
Gozag was pleased with you.
You were very hungry.
You were a venomous arachnid creature.
You visited 2 branches of the dungeon, and saw 11 of its levels.
You also visited: Sewer.

You collected 1325 gold pieces.
You paid 646 gold pieces to Gozag.

Inventory:

Missiles
 f - 215 stones (quivered)
Armour
 b - a +0 robe (melded)
 g - a +2 hat (melded)
 j - a +0 buckler
 k - a +1 cloak (melded)
Jewellery
 l - a ring of poison resistance (left front leg)
 x - a +2 ring of evasion (right front leg)
Wands
 w - a wand of random effects (29/48)
 z - a wand of paralysis (0/24)
 D - a wand of acid (0/15)
Scrolls
 e - 4 scrolls of identify
 m - a scroll of enchant weapon
 o - 4 scrolls of teleportation
 s - 4 scrolls of remove curse
 u - a scroll of immolation
 y - a scroll of enchant armour
Potions
 a - a potion of flight
 d - a potion of lignification
 h - 5 potions of curing
 i - a potion of mutation
 n - a potion of agility
 p - a potion of magic {unknown}
 t - 2 potions of invisibility
 v - 2 potions of haste
 B - 5 potions of heal wounds
Books
 c - a book of Changes

   Spells                             Type                      Level
   a - Beastly Appendage              Transmutation                1
   b - Sticks to Snakes               Transmutation                2
   c - Spider Form                    Transmutation/Poison         3
   d - Ice Form                       Ice/Transmutation            4
   e - Blade Hands                    Transmutation                5
 r - a book of Misfortune

   Spells                             Type                      Level
   a - Confusing Touch                Hexes                        1
   b - Confuse                        Hexes                        3
   c - Gell's Gravitas                Translocation                3
   d - Petrify                        Transmutation/Earth          4
   e - Metabolic Englaciation         Hexes/Ice                    5
   f - Yara's Violent Unravelling     Hexes/Transmutation          5
 A - a book of Minor Magic

   Spells                             Type                      Level
   a - Magic Dart                     Conjuration                  1
   b - Blink                          Translocation                2
   c - Call Imp                       Summoning                    2
   d - Slow                           Hexes                        2
   e - Conjure Flame                  Conjuration/Fire             3
   f - Mephitic Cloud                 Conjuration/Poison/Air       3
Comestibles
 q - a fruit


   Skills:
 * Level 7.5 Fighting
 + Level 8.9 Dodging
 + Level 5.7 Unarmed Combat
 + Level 5.8 Spellcasting
 - Level 2.6 Hexes
 + Level 6.3 Translocations
 + Level 8.4 Transmutations


You had 3 spell levels left.
You knew the following spells:

 Your Spells              Type           Power        Failure   Level  Hunger
a - Beastly Appendage     Tmut           #####.       3%          1    None
b - Sticks to Snakes      Tmut           #####...     3%          2    None
c - Spider Form           Tmut/Pois      ###.......   17%         3    ##.....
d - Confusing Touch       Hex            ###...       12%         1    None
e - Blink                 Tloc           N/A          6%          2    None
f - Petrify               Tmut/Erth      ###.....     41%         4    ####...
g - Ice Form              Ice/Tmut       ###.....     41%         4    ####...


Dungeon Overview and Level Annotations

Branches:
Dungeon (10/15)            Temple (1/1) D:5            Lair (0/6) D:10
    Orc: D:9-12

Altars:
Ashenzari
Cheibriados
Dithmenos
Elyvilon
Fedhas
Gozag
Hepliaklqana
Kikubaaqudgha
Makhleb
Nemelex Xobeh
Okawaru
Qazlal
Ru
Sif Muna
Trog
Uskayaw
Vehumet
Xom
Yredelemnul
Zin
The Shining One

Shops:
D:6 }   D:7 =

Annotations:
D:2 Terence
D:9 exclusion: 3 doors


Innate Abilities, Weirdness & Mutations

You are very small and have problems with some larger weapons.
You are too small for most types of armour.
You have supernaturally acute eyesight. (SInv)
You are a herbivore.
((You cover ground extremely quickly.))
You need consume almost no food.
((You are partially covered in large bone plates. (SH +4)))
You possess an exceptional clarity of mind.
((Armour fits poorly on your strangely shaped body.))


Message History

The orc priest is poisoned.
The orc priest invokes the aid of Beogh against you.
Beogh smites you!
* * * LOW HITPOINT WARNING * * *
The warg completely misses you.
You hit the orc priest but do no damage.
The orc priest completely misses you. The warg completely misses you.
Unknown command.
You hit the orc priest.
The orc priest looks as sick as possible!
The orc priest is lightly wounded.
The warg barely misses you. The orc priest completely misses you.
Unknown command.
You are feeling very hungry.
You hit the orc priest.
The orc priest looks as sick as possible!
The orc priest is heavily wounded.
The warg bites you!
You die...
Your body crumbles into a pile of gold.

#...............# ......
#......$....#...# #.....o.##
.........$$...#...# z.........
...............#.%.#.............
............$..#...# ......>.....
....#########...$..# ...........
.(.. #......####..P.......
#......#...#.......#. $
#..hso.'(..#.......#.
.....'......#...##.....##.
.....#......#..)###...# #.
.....#......#[##(....## ## ....
########.##....######
##+########.......##..))......
#.........#.......##....(.....
#.........#.......##.(........
#.........#.......##..........


You could see a warg and an orc priest.

Vanquished Creatures
  The ghost of RKaid the Covert, a novice SpEn of Dithmenos (D:7)
  A troll (D:9)
  A queen bee (D:8)
  Grinder (D:3)
  A hippogriff (D:8)
  2 wargs
  A water moccasin (D:9)
  2 orc warriors
  2 sky beasts
  A black bear (D:10)
  3 phantoms
  An ice beast (D:7)
  An ogre (D:9)
  2 big kobolds
  6 bullfrogs
  A wyvern zombie (D:7)
  7 killer bees
  A howler monkey (D:10)
  3 wights
  A centaur zombie (D:6)
  2 bullfrog zombies (D:6)
  A crimson imp (D:6)
  4 hounds
  5 orc priests
  14 orc wizards
  A centaur skeleton (D:4)
  2 iguanas
  6 worker ants
  A killer bee zombie (D:9)
  An ogre zombie (D:10)
  A hound zombie (D:9)
  7 gnolls
  2 river rats (D:6)
  6 adders
  A howler monkey skeleton (D:5)
  A shadow imp (D:9)
  An ooze (D:9)
  An adder zombie (D:9)
  A worm (D:5)
  4 dart slugs
  5 leopard geckos
  32 orcs
  5 bats
  5 giant cockroaches
  10 goblins
  6 hobgoblins
  19 jackals
  20 kobolds
  4 quokkas
  7 ball pythons
  6 frilled lizards
  A jackal skeleton (D:4)
  7 orc zombies (D:10)
  A quokka zombie (D:7)
  7 rats
236 creatures vanquished.

Vanquished Creatures (collateral kills)
  An orc warrior (D:6)
  A phantom (D:4)
  A centaur (D:5)
  A wight (D:7)
  2 crimson imps (D:6)
  A hound (D:7)
  3 worker ants
  An adder (D:3)
  An adder skeleton (D:6)
  A worm (D:4)
  3 leopard geckos
  5 orcs
  A giant cockroach (D:6)
  A goblin (D:1)
  3 jackals
  3 kobolds (Sewer)
  A bat (D:1)
  2 rats
32 creatures vanquished.

Grand Total: 268 creatures vanquished

Notes
Turn   | Place    | Note
-------+----------+-------------------------------------------
     0 | D:1      | Jannitor the Spriggan Transmuter began the quest for the Orb.
     0 | D:1      | Reached XP level 1. HP: 9/9 MP: 5/5
   250 | D:1      | Reached skill level 1 in Fighting
   560 | D:2      | Noticed Terence
   685 | D:1      | Reached XP level 2. HP: 9/14 MP: 6/6
   769 | D:1      | Learned a level 2 spell: Sticks to Snakes
  1840 | D:1      | Reached XP level 3. HP: 8/18 MP: 6/8
  3090 | D:3      | Reached XP level 4. HP: 17/23 MP: 5/9
  3458 | D:3      | Found a faded altar of an unknown god.
  3605 | D:3      | Learned a level 3 spell: Spider Form
  3618 | D:3      | Learned a level 1 spell: Confusing Touch
  3725 | D:3      | Noticed Grinder
  3752 | D:3      | Killed Grinder
  3752 | D:3      | Reached XP level 5. HP: 28/28 MP: 1/10
  3752 | D:3      | Reached XP level 6. HP: 32/32 MP: 1/11
  4202 | D:4      | Reached skill level 5 in Dodging
  4786 | D:4      | Found a burning altar of Makhleb.
  4999 | D:5      | Entered Level 5 of the Dungeon
  5614 | D:4      | Reached XP level 7. HP: 36/36 MP: 1/12
  5882 | D:5      | Paralysed by a centaur for 2 turns
  5890 | D:5      | Reached skill level 5 in Transmutations
  6281 | D:5      | Found a staircase to the Ecumenical Temple.
  6307 | Temple   | Entered the Ecumenical Temple
  6331 | Temple   | Became a worshipper of Gozag Ym Sagoz the Greedy
  7134 | D:6      | Found Kaihyo's Gadget Shop.
  7337 | D:6      | Found a glowing drain.
  7492 | D:6      | Reached XP level 8. HP: 25/42 MP: 5/13
  7531 | Sewer    | Entered a sewer
  7625 | Sewer    | Learned a level 2 spell: Blink
  8120 | D:6      | Reached skill level 1 in Translocations
  8260 | D:6      | Reached skill level 5 in Fighting
  8356 | D:6      | Learned a level 4 spell: Petrify
  8900 | D:7      | Noticed RKaid's ghost (novice SpEn)
  9078 | D:7      | HP: 2/43 [wyvern zombie (10)]
  9830 | D:7      | Found a shimmering altar of Xom.
 10532 | D:7      | Killed RKaid's ghost
 10532 | D:7      | Reached XP level 9. HP: 48/48 MP: 14/16
 10613 | D:7      | Found Numahee's Jewellery Boutique.
 11145 | D:8      | Reached skill level 5 in Unarmed Combat
 11351 | D:9      | Found a sparkling altar of Nemelex Xobeh.
 11604 | D:8      | Reached skill level 5 in Translocations
 12032 | D:8      | Noticed a queen bee
 12037 | D:8      | Noticed a two-headed ogre
 12045 | D:8      | Killed a queen bee
 12045 | D:8      | Reached skill level 5 in Spellcasting
 12050 | D:8      | Noticed a two-headed ogre
 12226 | D:9      | Noticed a two-headed ogre
 12277 | D:10     | Entered Level 10 of the Dungeon
 12319 | D:9      | Gained mutation: You possess an exceptional clarity of mind. [potion of mutation]
 12319 | D:9      | Gained mutation: Armour fits poorly on your strangely shaped body. [potion of mutation]
 12319 | D:9      | Gained mutation: You are partially covered in large bone plates. (SH +4) [potion of mutation]
 13203 | D:9      | Reached XP level 10. HP: 55/55 MP: 13/19
 13812 | D:10     | Found a staircase to the Lair.
 14106 | D:9      | Learned a level 4 spell: Ice Form
 14728 | D:10     | Noticed a two-headed ogre
 15182 | D:10     | Mangled by a warg

Skill      XL: |  1  2  3  4  5  6  7  8  9 10 |
---------------+-------------------------------+-----
Fighting       | 1 2 3 4 6 7 |  7.5
Transmutations | 3 4 5 6 8 |  8.4
Unarmed Combat | 3 4 5 |  5.7
Dodging        | 4 5 6 7 8 |  8.9
Hexes          | 2 |  2.6
Translocations | 4 5 6 |  6.3
Spellcasting   | 4 5 |  5.8

Action                   |  1- 3 |  4- 6 |  7- 9 | 10-12 || total
-------------------------+-------+-------+-------+-------++-------
Melee: Unarmed           |   172 |   255 |   860 |   277 ||  1564
       Kick              |     8 |    26 |    48 |    29 ||   111
       Headbutt          |    12 |    21 |    31 |     6 ||    70
       Punch             |     2 |     9 |    16 |     8 ||    35
 Cast: Beastly Appendage |    31 |    22 |    24 |     5 ||    82
       Sticks to Snakes  |    12 |    17 |    31 |       ||    60
       Confusing Touch   |       |    24 |    62 |    17 ||   103
       Spider Form       |       |       |    32 |     9 ||    41
       Ice Form          |       |       |       |     1 ||     1
       Petrify           |       |       |       |     1 ||     1
Invok: Potion Petition   |       |       |     2 |       ||     2
Evoke: Wand              |       |       |     1 |     2 ||     3
  Use: Potion            |     1 |     2 |     2 |     2 ||     7
       Scroll            |     1 |     3 |    12 |       ||    16
 Stab: Confused          |       |     8 |    43 |    16 ||    67
       Distracted        |       |       |     3 |     1 ||     4
       Sleeping          |       |       |     5 |       ||     5
       Petrified         |       |       |       |    14 ||    14
  Eat: Bread ration      |       |     1 |     2 |       ||     3
       Royal jelly       |       |       |     1 |       ||     1
       Fruit             |       |       |       |     2 ||     2
Armor: Robe              |    16 |    18 |    32 |     7 ||    73
       Skin              |       |    12 |    10 |       ||    22
Dodge: Dodged            |   141 |   209 |   723 |   224 ||  1297
Block: Other             |       |       |    16 |    13 ||    29
